 Dungeon Crawl Stone Soup version 0.28.0-1-gb440e238dd (webtiles) character file.

Game seed: 5956219244638029705

455 leafyfresh the Transmogrifier (level 7, -7/48 HPs)
             Began as a Merfolk Transmuter on Feb 26, 2022.
             Mangled by a wyvern skeleton (9 damage)
             ... on level 5 of the Dungeon.
             The game lasted 00:09:21 (6394 turns).

leafyfresh the Transmogrifier (Merfolk Transmuter)  Turns: 6394, Time: 00:09:22

Health: -7/48      AC:  2    Str: 10    XL:     7   Next: 5%
Magic:  4/10       EV: 13    Int: 12    God:
Gold:   177        SH:  0    Dex: 17    Spells: 2/10 levels left

rFire   + . .      SeeInvis .     - Unarmed
rCold   . . .      Faith    .   (no shield)
rNeg    . . .      Spirit   .   a - +0 robe
rPois   .          Reflect  .   (no helmet)
rElec   .          Harm     .   (no cloak)
rCorr   .          Rampage  .   (no gloves)
Will    .....                   (no boots)
Stlth   ++........              (no amulet)
HPRegen 0.16/turn               l - ring of protection from fire
MPRegen 0.12/turn               j - ring of flight

@: flying, very slightly contaminated
A: (nimble swimmer 2), mertail
a: no special abilities


You were on level 5 of the Dungeon.
You visited 2 branches of the dungeon, and saw 6 of its levels.

You collected 177 gold pieces.

Inventory:

Hand Weapons
 c - a +0 whip
Armour
 a - a +0 robe (worn)
 g - a +0 buckler
 m - a +3 ring mail
Jewellery
 j - a ring of flight (right hand)
 l - a ring of protection from fire (left hand)
Wands
 p - a wand of iceblast (7)
Scrolls
 b - a scroll of fear {unknown}
 d - a scroll of immolation {unknown}
 e - a scroll of brand weapon {unknown}
 i - a scroll of fog {unknown}
 k - a scroll of torment {unknown}
 n - 4 scrolls of identify {unknown}
 o - a scroll of vulnerability {unknown}
 r - a scroll of amnesia {unknown}
 t - a scroll of enchant armour {unknown}
 u - a scroll of blinking {unknown}
Potions
 f - 2 potions of mutation {unknown}
 h - a potion of ambrosia {unknown}
 q - a potion of heal wounds {unknown}
 s - a potion of degeneration {unknown}


   Skills:
 - Level 1.1 Fighting
 - Level 2.6 Dodging
 - Level 3.2 Unarmed Combat
 - Level 2.0 Spellcasting
 + Level 9.7 Transmutations


You had 2 spell levels left.
You knew the following spells:

 Your Spells              Type           Power      Damage    Failure   Level
a - Beastly Appendage     Tmut           48%        N/A       1%          1
b - Spider Form           Tmut/Pois      12%        N/A       11%         3
c - Ice Form              Ice/Tmut       12%        N/A       36%         4

Your spell library contained the following spells:

 Spells                   Type           Power      Damage    Failure   Level
 Wereblood                Tmut           24%        N/A       1%          2
 Passwall                 Tmut/Erth      10%        N/A       5%          2
 Ensorcelled Hibernation  Hex/Ice        2%         N/A       38%         2
 Swiftness                Air            1%         N/A       63%         3


Dungeon Overview and Level Annotations

Branches:
Dungeon (5/15)             Temple (1/1) D:4

Altars:
Dithmenos
Makhleb
Nemelex Xobeh
Okawaru
Qazlal
Ru
Sif Muna
Trog
Uskayaw
Vehumet
Yredelemnul
Zin

Annotations:
D:3 3 runed translucent doors, hikkokomori's ghost, amateur GrEE


Innate Abilities, Weirdness & Mutations

((You are very nimble when in or above water. (Stealth+, EV+, Speed+++)))
Your lower body shifts to a powerful aquatic tail in water.


Message History

You hit the orc but do no damage.
The orc looks as sick as possible!
The orc is almost dead.
You kill the orc!
Things that are here:
a +0 whip; a +0 chain mail Unknown command.
Your magical contamination has completely faded away.
A wyvern skeleton comes into view.
Your transformation is almost over.
You hit the wyvern skeleton.
The wyvern skeleton is lightly damaged.
The wyvern skeleton closely misses you.
You hit the wyvern skeleton but do no damage.
The wyvern skeleton is lightly damaged.
The wyvern skeleton completely misses you.
You hit the wyvern skeleton.
The wyvern skeleton is moderately damaged.
The wyvern skeleton completely misses you.
You bite the wyvern skeleton!
The wyvern skeleton is heavily damaged.
The wyvern skeleton bites you! The wyvern skeleton barely misses you.
You completely miss the wyvern skeleton.
The wyvern skeleton is heavily damaged.
The wyvern skeleton bites you!
* * * LOW HITPOINT WARNING * * *
You hit the wyvern skeleton.
The wyvern skeleton is severely damaged.
The wyvern skeleton completely misses you.
You hit the wyvern skeleton.
The wyvern skeleton is severely damaged.
Your transformation has ended.
Your +0 robe unmelds from your body.
The wyvern skeleton bites you.
* * * LOW HITPOINT WARNING * * *
Unknown command.
Casting: Spider Form (dangerous; 11% risk of failure)
Confirm with . or Enter, or press ? or * to list all spells.
You miscast Spider Form.
You are very lightly contaminated with residual magic.
Nothing appears to happen.
The wyvern skeleton bites you!
You die...

#.#..#.#.# .>.....#.# #
#.#......# ##.#.#.#....### ######
...#.#......... .....#
######.........##
..^..####...#..#..#..#..#
.......<..#.#.###Z..###.#
.###.####...#..#@.#..#..# ###
.....# ##..##...###...## #..
###########.###.## #...#####.# #
.....##..........###.........# #.
.....##.###.#..#..#..#.)####.##.#
.....##.###...###...###........##
.........#.....#.....#......?....
<....##.<#..#....................
.....#........######....####.#...


You could see a wyvern skeleton.

Vanquished Creatures
  A bullfrog (D:3)
  A water moccasin skeleton (D:3)
  A centaur zombie (D:5)
  A hound (D:4)
  A bullfrog skeleton (D:5)
  An orc priest (D:3)
  An iguana (D:5)
  A scorpion zombie (D:5)
  A howler monkey skeleton (D:4)
  6 adders
  An ufetubus (D:5)
  An adder zombie (D:5)
  An adder skeleton (D:4)
  3 worms
  A dart slug (D:2)
  11 orcs
  10 ball pythons
  3 bats
  5 endoplasms
  A giant cockroach (D:4)
  2 goblins
  8 hobgoblins
  6 jackals
  A frilled lizard (D:3)
  9 kobolds
  8 rats
86 creatures vanquished.

Vanquished Creatures (others)
  3 withered plants (D:5)
3 creatures vanquished.

Grand Total: 89 creatures vanquished

Notes
Turn   | Place    | Note
-------+----------+-------------------------------------------
     0 | D:1      | leafyfresh the Merfolk Transmuter began the quest for the
                  | Orb.
     0 | D:1      | Reached XP level 1. HP: 15/15 MP: 3/3
   121 | D:1      | Reached skill level 3 in Transmutations
   247 | D:1      | Found a faded altar of an unknown god.
   698 | D:1      | Reached XP level 2. HP: 19/21 MP: 5/5
  1187 | D:2      | Reached skill level 4 in Transmutations
  1487 | D:2      | Found a hide-covered altar of Uskayaw.
  1493 | D:2      | Reached XP level 3. HP: 26/26 MP: 4/6
  1497 | D:2      | Learned a level 3 spell: Spider Form
  2096 | D:2      | Reached skill level 5 in Transmutations
  2513 | D:3      | Reached skill level 6 in Transmutations
  2513 | D:3      | Reached XP level 4. HP: 5/32 MP: 1/7
  2642 | D:3      | Noticed a bullfrog
  2891 | D:3      | Killed a bullfrog
  2892 | D:3      | Reached skill level 7 in Transmutations
  2892 | D:3      | Reached XP level 5. HP: 36/37 MP: 1/8
  3019 | D:3      | HP: 1/37 [orc priest/nerve-wracking pain (13)]
  4264 | D:3      | Reached skill level 8 in Transmutations
  4264 | D:3      | Reached XP level 6. HP: 43/43 MP: 9/9
  4350 | D:3      | Found an iron altar of Okawaru.
  4353 | D:3      | Found a basalt altar of Yredelemnul.
  4518 | D:3      | Found a runed translucent gate.
  4518 | D:3      | Found a runed translucent gate.
  4518 | D:3      | Found a runed translucent gate.
  4519 | D:3      | Noticed hikkokomori's ghost (amateur GrEE)
  5292 | D:4      | Found a staircase to the Ecumenical Temple.
  5309 | Temple   | Entered the Ecumenical Temple
  5551 | D:4      | Learned a level 4 spell: Ice Form
  5643 | D:5      | Entered Level 5 of the Dungeon
  5677 | D:5      | Reached skill level 9 in Transmutations
  6204 | D:5      | Reached XP level 7. HP: 5/48 MP: 3/10
  6393 | D:5      | HP: 2/48 [wyvern skeleton (1)]
  6394 | D:5      | Mangled by a wyvern skeleton

Illustrated notes

Levels and vault maps discovered:
D:1:      evilmike_arrival_rings, layout_basic, ebering_ecumenical_altar_hall,
          minmay_hexomino_p4
D:2:      layout_basic, serial_corexii_hall, chequers_hall_statues_wall_a,
          chequers_hall_statues_corner_a, basic_altar, minmay_splitting_lines,
          minmay_misc_feat_enclosed, minmay_misc_feat_doors, eino_tiny_chamber
D:3:      layout_loops_ring, grunt_temple_overflow_open,
          ebering_ghost_rock_garden
D:4:      layout_basic, minmay_temple_entry_sparse_star, serial_corexii_hall,
          chequers_hall_statues_y, corexii_hall_statues_t
D:5:      layout_loops_cross, serial_undead, serial_undead_f, serial_undead_d,
          serial_undead_c, serial_undead_d, minmay_strange_pillars,
          minmay_fractal_squares_5, uniq_edmund
Temple:   eino_wide_crystal_templ

Skill      XL: |  1  2  3  4  5  6 |
---------------+-------------------+-----
Transmutations | 3 4 6 7 8 9 |  9.7
Fighting       | |  1.1
Dodging        | |  2.6
Unarmed Combat | |  3.2
Spellcasting   | |  2.0

Action                   |  1- 3 |  4- 6 |  7- 9 || total
-------------------------+-------+-------+-------++-------
Melee: Unarmed           |   112 |   233 |    11 ||   356
       Headbutt          |     5 |     7 |       ||    12
       Punch             |     4 |     2 |       ||     6
 Cast: Beastly Appendage |     4 |     3 |       ||     7
       Spider Form       |     1 |    20 |     1 ||    22
 Stab: Sleeping          |     2 |       |       ||     2
Armor: Robe              |    13 |     9 |       ||    22
       Skin              |     2 |     7 |     1 ||    10
       Ring mail         |       |    31 |       ||    31
Dodge: Dodged            |    88 |   178 |     7 ||   273
